 Dungeon Crawl Stone Soup version 0.28-a0-537-g3bccd9ccbf (webtiles) character file.

Game seed: 15386514355387605256

97 speeev33 the Covered (level 4, -1/29 HPs)
             Began as a Gargoyle Fighter on Sept 27, 2021.
             Slain by an adder (4 damage)
             ... on level 3 of the Dungeon.
             The game lasted 00:02:57 (1842 turns).

speeev33 the Covered (Gargoyle Fighter)             Turns: 1842, Time: 00:02:58

Health: -1/29      AC: 10    Str: 20    XL:     4   Next: 68%
Magic:  0/4        EV:  9    Int:  9    God:
Gold:   109        SH:  4    Dex:  9    Spells: 3/3 levels left

rFire   . . .      SeeInvis .   a - +0 flail
rCold   . . .      Faith    .   c - +0 buckler
rNeg    + . .      Spirit   +   b - +0 scale mail
rPois   ∞          Reflect  .   (no helmet)
rElec   +          Harm     .   (no cloak)
rCorr   +          Rampage  .   (no gloves)
Will    .....                   (no boots)
Stlth   ..........              f - amulet of guardian spirit
HPRegen 0.09/turn               e - ring of resist corrosion
MPRegen 0.09/turn               (no ring)

@: no status effects
A: sickness immunity, AC +3, negative energy resistance 1, electricity
resistance, torment resistance 1, petrification resistance
a: no special abilities


You were on level 3 of the Dungeon.
You visited 1 branch of the dungeon, and saw 3 of its levels.

You collected 109 gold pieces.

Inventory:

Hand Weapons
 a - a +0 flail (weapon)
Missiles
 n - a throwing net (quivered)
Armour
 b - a +0 scale mail (worn)
 c - a +0 buckler (worn)
Jewellery
 e - a ring of resist corrosion (left hand)
 f - an amulet of guardian spirit (around neck)
 m - a ring of fire
 p - a ring of positive energy
Wands
 j - a wand of polymorph (6)
Scrolls
 g - 2 scrolls of fear
 i - a scroll of immolation
 l - a scroll of brand weapon
 o - a scroll of teleportation {unknown}
Potions
 d - a potion of might
 h - a potion of haste


   Skills:
 + Level 4.0 Fighting
 + Level 2.9 Maces & Flails
 + Level 4.1 Armour
 - Level 4.0 Shields


You had 3 spell levels left.
You didn't know any spells.
Your spell library contained the following spells:

 Spells                   Type           Power      Damage    Failure   Level
 Pain                     Necr           0%         1d4       75%         1
 Passwall                 Tmut/Erth      0%         N/A       86%         2
 Swiftness                Air            0%         N/A       98%         3
 Agony                    Necr           0%         N/A       100%        5
 Excruciating Wounds      Necr           0%         N/A       100%        5
 Invisibility             Hex            0%         N/A       100%        6


Dungeon Overview and Level Annotations

Branches:
Dungeon (3/15)

Altars:

Annotations:
D:3 Ijyb


Innate Abilities, Weirdness & Mutations

You are immune to sickness and miasma.
Your stone body is resilient. (AC +3)
You are immune to poison.
You resist negative energy. (rN+)
You are resistant to electric shocks. (rElec)
You are resistant to unholy torment.
You are immune to petrification.


Message History

Ijyb is moderately wounded.
The adder bites you but does no damage. Ijyb barely misses you.
The hobgoblin hits you but does no damage.
The adder completely misses you. Ijyb closely misses you.
Unknown command.
You barely miss Ijyb.
Ijyb is moderately wounded.
You block the hobgoblin's attack. The adder bites you but does no damage.
Ijyb hits you with a +0 club.
Unknown command.
You hit Ijyb.
Ijyb is heavily wounded.
The adder bites you but does no damage.
The hobgoblin hits you but does no damage.
The adder bites you but does no damage.
Ijyb zaps a wand.
You suddenly lose the ability to move!
The hobgoblin hits you. The adder bites you but does no damage.
Ijyb hits you with a +0 club. The gnoll hits you but does no damage.
The hobgoblin completely misses you. The adder bites you.
Ijyb hits you with a +0 club. The gnoll hits you but does no damage.
The adder bites you but does no damage. The hobgoblin hits you.
The gnoll hits you from afar with a +0 halberd.
* * * LOW HITPOINT WARNING * * *
You can move again.
You sock Ijyb!
Ijyb is severely wounded.
The adder bites you but does no damage. You block Ijyb's attack.
The gnoll hits you with a +0 whip.
* * * LOW HITPOINT WARNING * * *
The hobgoblin hits you but does no damage.
You block the gnoll's attack. The adder bites you.
* * * LOW HITPOINT WARNING * * *
You block the gnoll's attack. The bat hits you but does no damage.
The bat hits you but does no damage. The bat hits you but does no damage.
The adder bites you but does no damage. The bat closely misses you.
The bat hits you but does no damage. The bat closely misses you.
The bat misses you. The adder bites you.
You die...

#.#.#....# #.#
#....####.#
#†......#.#
##.......#.#####.#
...........†........
####.........#####.#
######'####
############.#######
............@......#
...........S.......#
)..........ggb.....#
...........gg......#
...................#
...................#
...................#
............(......#
...................#


You could see Ijyb, 2 gnolls, an adder, a hobgoblin and a bat.

Vanquished Creatures
  4 adders (D:2)
  A dart slug (D:2)
  5 bats
  6 endoplasms
  4 giant cockroaches
  8 goblins
  5 hobgoblins
  3 jackals (D:2)
  A quokka (D:2)
  9 ball pythons
  2 frilled lizards (D:2)
  3 kobolds
  5 rats
56 creatures vanquished.

Notes
Turn   | Place    | Note
-------+----------+-------------------------------------------
     0 | D:1      | speeev33 the Gargoyle Fighter began the quest for the Orb.
     0 | D:1      | Reached XP level 1. HP: 14/14 MP: 1/1
   203 | D:1      | Reached XP level 2. HP: 19/19 MP: 2/2
   808 | D:1      | Reached XP level 3. HP: 23/23 MP: 3/3
  1130 | D:2      | Reached XP level 4. HP: 23/29 MP: 4/4
  1549 | D:2      | Found a faded altar of an unknown god.
  1815 | D:3      | Noticed Ijyb
  1824 | D:3      | Paralysed by Ijyb for 4 turns
  1832 | D:3      | Paralysed by Ijyb for 3 turns
  1842 | D:3      | Slain by an adder

Illustrated notes

Levels and vault maps discovered:
D:1:      dpeg_arrival_more_subterranean_lakeside_camping, layout_basic
D:2:      layout_rooms, dilly_ecumenical_altar_fadedgnrine,
          small_statue_intersection, nrook_loot_triangle, minmay_pentomino_w4
D:3:      layout_basic, uniq_natasha, uniq_ijyb

Skill      XL: |  1  2  3  4 |
---------------+-------------+-----
Armour         | 4 |  4.1
Shields        | 4 |  4.0
Fighting       | 4 |  4.0
Maces & Flails | |  2.9

Action                   |  1- 3 |  4- 6 || total
-------------------------+-------+-------++-------
Melee: Flail             |   111 |    95 ||   206
  Use: Scroll            |     1 |     5 ||     6
Armor: Scale mail        |    65 |    93 ||   158
Dodge: Dodged            |    46 |    90 ||   136
Block: Buckler           |    27 |    31 ||    58

Table legend: (Time is in decaauts)
 A = Elapsed time spent in this place.
 B = Non-inter-level travel time spent in this place.
 C = Inter-level travel time spent in this place.
 D = Time resting spent in this place.
 E = Time spent auto-exploring this place.
 F = Levels seen in this place.
 G = Mean time per level.
                   A        B        C        D        E       F      G
               +--------+--------+--------+--------+--------+-----+--------+
         Total |   1900 |   1844 |     56 |    268 |   1065 |   3 |  633.3 |
       Dungeon |   1900 |   1844 |     56 |    268 |   1065 |   3 |  633.3 |
               +--------+--------+--------+--------+--------+-----+--------+

Top non-repeatable levels by time:
     D:1: 1079 daAuts
     D:2: 627 daAuts
     D:3: 194 daAuts
